 Dungeon Crawl Stone Soup version 0.26-a0-546-g3c2127501a (webtiles) character file.

Game seed: 3764489062080448098

1899 MrRokkomies the Jinx (level 8, 0/52 HPs)
             Began as a Vampire Enchanter on Aug 19, 2020.
             Slain by an orc warrior
             ... wielding a cursed +0 dire flail
              (17 damage)
             ... on level 7 of the Dungeon.
             The game lasted 00:12:06 (4708 turns).

MrRokkomies the Jinx (Vampire Enchanter)            Turns: 4708, Time: 00:12:09

Health: 0/52       AC: 16    Str:  7    XL:     8   Next: 93%
Magic:  11/11      EV: 15    Int: 20    God:
Gold:   11         SH:  0    Dex: 14    Spells: 3/11 levels left

rFire    + + +     SeeInvis +   a - +2 rapier (elec)
rCold    . . .     Faith    .   (no shield)
rNeg     . . .     Spirit   .   D - +2 robe {Archmagi}
rPois    .         Reflect  .   (no helmet)
rElec    .         Harm     .   k - +0 cloak
rCorr    .                      f - +2 pair of gloves
MR       ++...                  (no boots)
Stlth    +++++.....             A - amulet "Ylibbiolli" {*Slow rF+++ MR++ Regen+ Stlth+}
HPRegen  0.77/turn              i - +4 ring of protection
MPRegen  0.12/turn              j - +4 ring of protection

@: regenerating quickly
A: fangs 3, see invisible, unbreathing
a: Exsanguinate


You were on level 7 of the Dungeon.
You visited 1 branch of the dungeon, and saw 7 of its levels.

You collected 347 gold pieces.
You spent 336 gold pieces at shops.

Inventory:

Hand Weapons
 a - a +2 rapier of electrocution (weapon)
 s - a +1 dagger of venom
Missiles
 g - 36 sling bullets
 n - 2 throwing nets
 y - 2 boomerangs (quivered)
Armour
 f - a +2 pair of gloves (worn)
 k - a +0 cloak (worn)
 D - a +2 robe of the Archmagi (worn)
Jewellery
 i - a +4 ring of protection (left hand)
 j - a +4 ring of protection (right hand)
 v - an uncursed ring of wizardry
 x - a +6 ring of strength
 z - an uncursed ring of flight
 A - the amulet "Ylibbiolli" (around neck) {*Slow rF+++ MR++ Regen+ Stlth+}
   (You bought it in a shop on level 6 of the Dungeon)

   [amulet of regeneration]

   It renders you almost immune to fire.
   It affects your resistance to hostile enchantments.
   It increases your rate of regeneration.
   It may slow you when you take damage.
   It makes you more stealthy.
 B - an uncursed amulet of faith {unknown}
 C - an uncursed ring of wizardry
Wands
 m - a wand of polymorph (10)
Scrolls
 c - 3 scrolls of identify
 o - a scroll of teleportation
 p - a scroll of enchant weapon {unknown}
 q - a scroll of magic mapping
 r - 3 scrolls of remove curse
Potions
 d - 2 potions of cancellation
 e - a potion of mutation
 h - a potion of berserk rage
 l - 4 potions of might
 t - a potion of heal wounds {unknown}
 u - 2 potions of lignification {unknown}
 w - 2 potions of flight {unknown}


   Skills:
 * Level 7.3 Short Blades
 + Level 5.5 Dodging
 + Level 8.5 Stealth
 - Level 2.0 Spellcasting
 * Level 10.4 Hexes


You had 3 spell levels left.
You knew the following spells:

 Your Spells              Type           Power        Failure   Level
a - Dazzling Flash        Conj/Hex       ####..       5%          3
b - Ensorcelled Hibernat  Hex/Ice        ####..       2%          2
c - Confusing Touch       Hex            ######..     1%          3

Your spell library contained the following spells:

 Spells                   Type           Power        Failure   Level
 Corona                   Hex            ######.      1%          1
 Tukima's Dance           Hex            ######..     1%          3
 Summon Guardian Golem    Hex/Summ       ####....     5%          3
 Sandblast                Erth           #.....       16%         1
 Shock                    Conj/Air       #...         16%         1
 Summon Small Mammal      Summ           #...         16%         1
 Call Imp                 Summ           #.......     24%         2
 Passwall                 Tmut/Erth      #.......     24%         2
 Swiftness                Air            #.......     24%         2
 Call Canine Familiar     Summ           #.......     43%         3
 Static Discharge         Conj/Air       #.......     43%         3
 Stone Arrow              Conj/Erth      #.....       43%         3
 Airstrike                Air            #.........   83%         4
 Petrify                  Tmut/Erth      #.......     83%         4
 Summon Ice Beast         Ice/Summ       #.......     83%         4
 Summon Lightning Spire   Summ/Air       #.......     83%         4
 Lee's Rapid Deconstruct  Erth           #.........   99%         5
 Lightning Bolt           Conj/Air       #.........   99%         5


Dungeon Overview and Level Annotations

Branches:
Dungeon (7/15)
 Temple: D:4-7

Altars:

Shops:
D:6 *

Annotations:
D:6 3 runed translucent doors, voshxx's ghost, novice DEIE


Innate Abilities, Weirdness & Mutations

Your natural rate of healing is unusually fast.
You have razor-sharp teeth.
You have supernaturally acute eyesight. (SInv)
You can survive without breathing.


Message History

You are too injured to fight recklessly!
Unknown command.
The orc priest calls upon Beogh to heal the orc warrior.
The orc warrior's wounds heal themselves!
The orc priest looks satisfied for a moment.
The orc priest begins to cast a cantrip, but forgets the words!
There is a stone staircase leading up here.
You climb upwards.
Level annotation: 3 runed translucent doors, voshxx's ghost, novice DEIE
There is a stone staircase leading down here.
You start resting.
HP restored.
You climb downwards.
The orc warrior hits you with a cursed +0 dire flail!!
The orc barely misses you.
The orc priest looks encouraged for a moment.
The orc priest mumbles some strange prayers to Beogh against you.
Beogh smites you!
The orc warrior hits you with a cursed +0 dire flail!
You die...

....)..##.#
#..........
########..........
#.....##..........
#.o.o.##.....>....
#@o...............
#.Y...#...Y.......
#...o.#.oo........
#.....#.####......
######o.# ##...
#..# . #).# #..#
#..#


You could see an orc warrior, an ice beast, 2 orc priests and 2 orcs.

Vanquished Creatures
  Pikel (D:4)
  Edmund (D:6)
  An orc warrior (D:6)
  2 phantoms
  An ogre (D:5)
  Blork the orc (D:5)
  4 bullfrogs
  A howler monkey (D:5)
  A bullfrog zombie (D:5)
  An orc priest (D:4)
  3 jellies
  2 orc wizards (D:5)
  A bullfrog skeleton (D:5)
  Natasha (thrice) (D:4)
  An iguana (D:6)
  2 hound zombies (D:5)
  5 gnolls
  A howler monkey skeleton (D:5)
  2 adders
  A shadow imp (D:4)
  A white imp (D:6)
  An ufetubus (D:5)
  An ooze (D:6)
  4 worms
  A dart slug (D:1)
  10 leopard geckos
  13 orcs
  4 giant cockroaches
  11 goblins
  10 hobgoblins
  10 jackals
  A quokka (D:3)
  9 bats
  9 frilled lizards
  A giant cockroach zombie (D:5)
  4 kobolds
  A quokka skeleton (D:6)
  9 rats
135 creatures vanquished.

Notes
Turn   | Place    | Note
-------+----------+-------------------------------------------
     0 | D:1      | MrRokkomies the Vampire Enchanter began the quest for the
                  | Orb.
     0 | D:1      | Reached XP level 1. HP: 13/13 MP: 3/3
   156 | D:1      | Reached XP level 2. HP: 17/19 MP: 5/5
   180 | D:1      | Learned a level 2 spell: Ensorcelled Hibernation
   466 | D:1      | Reached skill level 5 in Hexes
   474 | D:1      | Reached XP level 3. HP: 19/24 MP: 6/6
   916 | D:2      | Reached skill level 5 in Stealth
  1044 | D:2      | Reached XP level 4. HP: 19/30 MP: 7/7
  1060 | D:2      | Learned a level 3 spell: Confusing Touch
  1970 | D:4      | Noticed Natasha
  1978 | D:4      | Killed Natasha
  1978 | D:4      | Reached skill level 6 in Hexes
  1978 | D:4      | Reached XP level 5. HP: 35/35 MP: 8/8
  2064 | D:4      | Learned a level 3 spell: Dazzling Flash
  2110 | D:4      | Noticed a lemure
  2113 | D:4      | Noticed Pikel
  2113 | D:4      | Noticed a lemure
  2113 | D:4      | Noticed a lemure
  2113 | D:4      | Noticed Natasha
  2114 | D:4      | Noticed a lemure
  2153 | D:5      | Entered Level 5 of the Dungeon
  2275 | D:5      | Noticed an ogre
  2287 | D:5      | Reached XP level 6. HP: 35/41 MP: 4/9
  2333 | D:5      | Reached skill level 7 in Hexes
  2610 | D:5      | Reached XP level 7. HP: 29/46 MP: 6/10
  2671 | D:5      | Noticed Blork the orc
  2676 | D:5      | Killed Blork the orc
  2676 | D:5      | Reached skill level 5 in Short Blades
  2696 | D:5      | Reached skill level 8 in Hexes
  3394 | D:6      | Found a runed translucent gate.
  3394 | D:6      | Found a runed translucent gate.
  3394 | D:6      | Found a runed translucent gate.
  3499 | D:6      | Noticed voshxx's ghost (novice DEIE)
  3514 | D:6      | Noticed Edmund
  3522 | D:6      | Killed Edmund
  3707 | D:6      | Reached XP level 8. HP: 41/52 MP: 11/11
  3764 | D:6      | Reached skill level 9 in Hexes
  3960 | D:6      | Reached skill level 5 in Dodging
  4014 | D:6      | Found Wanul's Assorted Antiques.
  4017 | D:6      | Bought a twitching sapphire amulet for 120 gold pieces
  4017 | D:6      | Bought an iridescent rapier for 216 gold pieces
  4017 | D:6      | Identified the cursed +1 rapier "Cyukocec" {protect, rPois
                  | Dex+2} (You bought it in a shop on level 6 of the Dungeon)
  4023 | D:6      | Identified the amulet "Ylibbiolli" {*Slow rF+++ MR++ Regen+
                  | Stlth+} (You bought it in a shop on level 6 of the Dungeon)
  4312 | D:4      | Killed Natasha
  4385 | D:4      | Noticed Natasha
  4389 | D:4      | Killed Natasha
  4556 | D:4      | Killed Pikel
  4556 | D:4      | Reached skill level 10 in Hexes
  4708 | D:7      | Slain by an orc warrior

Illustrated notes

Levels and vault maps discovered:
D:1:      saegor_arrival_simple_c, layout_loops_ring, minmay_lizard_pond
D:2:      layout_basic
D:3:      layout_loops_cross
D:4:      layout_cave_pools, uniq_natasha, uniq_pikel
D:5:      layout_cave_pools, serial_co_window_serial, co_window_corner_a,
          co_window_corner_a, co_window_paths_a, co_window_paths_b,
          co_window_of_opportunity_a, co_window_unsneaky_path_b,
          co_window_unsneaky_path_e, co_window_2corner, co_window_broadway_c,
          co_window_cross_2, co_window_4corner_a, glass_columns_b,
          uniq_blork_the_orc
D:6:      layout_loops_ring, gammafunk_ghost_icy, serial_shops, kennysheep_mini,
          uniq_edmund
D:7:      layout_rooms, minmay_temple_entry_proselytizer, hex_medium

Skill      XL: |  1  2  3  4  5  6  7  8 |
---------------+-------------------------+-----
Short Blades   | 2 3 4 5 7 |  7.3
Hexes          | 5 6 7 8 10 | 10.4
Stealth        | 5 6 7 8 |  8.5
Dodging        | 3 4 5 |  5.5
Spellcasting   | |  2.0

Action                   |  1- 3 |  4- 6 |  7- 9 || total
-------------------------+-------+-------+-------++-------
Melee: Dagger            |   165 |    55 |       ||   220
       Bite              |    12 |    12 |    10 ||    34
       Rapier            |       |    73 |   129 ||   202
 Cast: Corona            |     1 |       |       ||     1
       Ensorcelled Hiber |     1 |     4 |    12 ||    17
       Confusing Touch   |       |     1 |       ||     1
  Use: Scroll            |       |    13 |     2 ||    15
       Potion            |       |     2 |       ||     2
 Stab: Sleeping          |    11 |    11 |    19 ||    41
       Distracted        |       |     1 |       ||     1
Armor: Robe              |    35 |    49 |    45 ||   129
Dodge: Dodged            |    95 |    71 |   112 ||   278

Table legend: (Time is in decaauts)
 A = Elapsed time spent in this place.
 B = Non-inter-level travel time spent in this place.
 C = Inter-level travel time spent in this place.
 D = Time resting spent in this place.
 E = Time spent auto-exploring this place.
 F = Levels seen in this place.
 G = Mean time per level.
                   A        B        C        D        E       F      G
               +--------+--------+--------+--------+--------+-----+--------+
         Total |   4654 |   4495 |    159 |    265 |   3153 |   7 |  664.9 |
       Dungeon |   4654 |   4495 |    159 |    265 |   3153 |   7 |  664.9 |
               +--------+--------+--------+--------+--------+-----+--------+

Top non-repeatable levels by time:
     D:5: 1135 daAuts
     D:6: 874 daAuts
     D:1: 838 daAuts
     D:4: 724 daAuts
     D:3: 560 daAuts
     D:2: 500 daAuts
     D:7: 21 daAuts
